AoeStats
← LMDP.Krassus/NooBNooB

Hideout

509955293Analyzed
1v1 RM · 5d ago on Sep 28, 2026· 59m 26s· 2 players
Game mode
Random Map
Map size
Tiny (2 player)
Population
200
Speed
Normal
Resources
Standard
Victory
Conquest
Starting age
Dark Age
Ending age
Imperial Age
RankedLock teamsTeams togetherTeam positionsShared explorationLock speedFull tech treeHidden civsTurbo modeCheats
Victory
Defeat
🇯🇵 Burgundians · Japan
980
+15
🇨🇭 Poles · Switzerland
964
-15
LMDP.Krassus/NooBNooB
3:25 Loom
11:51 Feudal Age
16:27 Double-Bit Axe
19:07 Castle Age
17:58 Horse Collar
36:24 Imperial Age
34:29 Heavy Plow
34:42 Bow Saw
35:08 Szlachta Privileges
35:12 Husbandry
35:23 Bloodlines
36:01 Wheelbarrow
35:20 Crossbowman
36:36 Cavalier
38:23 Ballistics
38:39 Arbalester
39:47 Forging
39:28 Fletching
39:39 Padded Archer Armor
39:39 Scale Mail Armor
40:58 Chemistry
42:08 Thumb Ring
47:36 Bodkin Arrow
47:56 Leather Archer Armor
48:55 Scale Barding Armor
49:52 Hand Cart
50:50 Capped Ram
52:56 Crop Rotation
53:22 Leather Archer Armor
52:58 Siege Ram
54:11 Bracer
nekomikoxxx
4:32 Double-Bit Axe
10:25 Feudal Age
9:07 Gold Mining
10:31 Man-at-Arms
18:50 Castle Age
18:53 Forging
21:52 Cavalier
23:04 Bow Saw
22:50 Horse Collar
24:10 Iron Casting
25:34 Wheelbarrow
25:58 Stone Mining
28:13 Fletching
33:00 Imperial Age
30:52 Hand Cart
31:12 Bodkin Arrow
31:23 Scale Barding Armor
31:52 Ballistics
31:03 Crossbowman
32:40 Husbandry
33:54 Elite Coustillier
35:16 Stone Shaft Mining
35:18 Gold Shaft Mining
35:27 Bracer
36:27 Blast Furnace
36:34 Chemistry
37:31 Chain Barding Armor
37:11 Padded Archer Armor
38:30 Masonry
38:16 Murder Holes
37:48 Pikeman
45:37 Halberdier
52:49 Elite Skirmisher
53:46 Leather Archer Armor
54:07 Plate Barding Armor
Connection lost

Rejoining the realm…

Still unreachable

The connection could not be restored.

Session expired

The server has moved on; the page needs a fresh start.